 Dungeon Sprint DCSS version 0.25-a0-87-ga3d287bc14 (webtiles) character file.

Game seed: 8234948738006468126, levelgen mode: deterministic

484 pasperui the Timeless (level 7, 0/61 HPs)
             Began as a Naga Transmuter on Nov 10, 2019.
             Was a High Priest of Cheibriados.
             Slain by a polar bear (9 damage)
             ... in the Dungeon (Sprint VII: "The Pits").
             The game lasted 00:04:26 (831 turns).

pasperui the Timeless (Naga Transmuter)              Turns: 831, Time: 00:04:26

Health: 0/61       AC:  7    Str: 26    XL:     7   Next: 12%
Magic:  14/15      EV: 10    Int: 25    God:    Cheibriados [*****.]
Gold:   0          SH:  0    Dex: 24    Spells: 9/15 levels left

rFire    . . .     SeeInvis +     - Unarmed
rCold    . . .     Gourm    .   (no shield)
rNeg     . . .     Faith    .   q - +3 ring mail
rPois    +         Spirit   .   (no helmet)
rElec    .         Reflect  .   (no cloak)
rCorr    .         Harm     .   (no gloves)
MR       .....     NoTele   +   (no barding)
Stlth    +.........             (no amulet)
HPRegen  0.20/turn              (no ring)
MPRegen  0.14/turn              (no ring)

@: appendage, very slow
A: large, horns 2, see invisible, deformed body, poison resistance, slowness 2,
slow metabolism 1, spit poison 1, AC +2
a: Spit Poison, End Transformation, Bend Time, Temporal Distortion, Slouch, Step
From Time, Renounce Religion


You were in the Dungeon.
You worshipped Cheibriados.
Cheibriados was extremely pleased with you.
You were not hungry.
You had grown temporary horns.
You visited 1 branch

Inventory:

Missiles
 a - 18 arrows
 o - 10 stones (quivered)
Armour
 b - a +0 robe
 q - a +3 ring mail (worn)
Magical Staves
 p - an uncursed staff of energy
Scrolls
 j - a scroll of blinking
 l - 3 scrolls of remove curse
 m - 5 scrolls of amnesia
 n - a scroll of summoning
Potions
 e - 6 potions of curing
 f - 6 potions of heal wounds
 g - a potion of haste
 h - 4 potions of magic
 i - 3 potions of berserk rage
 k - 2 potions of invisibility
Comestibles
 d - 9 rations


   Skills:
 - Level 2.9 Fighting
 - Level 1.5 Dodging
 - Level 6.1 Unarmed Combat
 * Level 4.7 Spellcasting
 - Level 6.0 Transmutations
 - Level 11.8 Invocations


You had 9 spell levels left.
You knew the following spells:

 Your Spells              Type           Power        Failure   Level  Hunger
a - Beastly Appendage     Tmut           #####.       1%          1    None
b - Blade Hands           Tmut           #####.....   28%         5    #####..

Your spell library contained the following spells:

 Spells                   Type           Power        Failure   Level  Hunger
 Sticks to Snakes         Tmut           #####...     1%          2    None
 Spider Form              Tmut/Pois      ###.......   11%         3    ##.....
 Ice Form                 Ice/Tmut       ###.....     36%         4    ####...


Dungeon Overview and Level Annotations

Branches:
Dungeon (1/1)

Altars:
Ashenzari
Cheibriados
Dithmenos
Elyvilon
Fedhas
Gozag
Hepliaklqana
Kikubaaqudgha
Makhleb
Nemelex Xobeh
Okawaru
Qazlal
Ru
Sif Muna
Trog
Uskayaw
Vehumet
Wu Jian
Xom
Yredelemnul
Zin
The Shining One
Beogh
Jiyva
Lugonu


Innate Abilities, Weirdness & Mutations

You cannot wear boots.
Your serpentine skin is tough. (AC +2)
You have supernaturally acute eyesight. (SInv)
Armour fits poorly on your strangely shaped body.
Your system is resistant to poisons. (rPois)
You cover ground very slowly.
You have a slow metabolism.
You can spit poison.
You have a pair of horns on your head.


Message History

The polar bear barely misses you.
The polar bear claws you but does no damage.
The polar bear barely misses you.
You barely miss the polar bear.
The polar bear is severely wounded.
The polar bear bites you!! The polar bear closely misses you.
The polar bear claws you. The polar bear bites you!!
* * * LOW HITPOINT WARNING * * *
The polar bear misses you. The polar bear closely misses you.
You hit the polar bear but do no damage.
Your headbutt misses the polar bear.
The polar bear is severely wounded.
The polar bear bites you.
* * * LOW HITPOINT WARNING * * *
The polar bear barely misses you.
The polar bear claws you but does no damage.
You hit the polar bear.
The polar bear is almost dead.
The polar bear bites you!
You die...

#.#........##.......#
#'###########.......#
#..)....# #########
#..#.#..# #.##.##.#
#.......#+#
#.##.##.#.+
#..#.#..#h#
#.......@.#
###########


You could see a polar bear (berserk).

Vanquished Creatures
  Prince Ribbit (D)
  A phantom (D)
  A centaur (D)
  A big kobold (D)
  An iron imp (D)
  An adder (D)
  2 orcs (D)
  A bat (D)
  A giant cockroach (D)
  A hobgoblin (D)
  A quokka (D)
  A ball python (D)
  A ball python zombie (D)
  2 rats (D)
16 creatures vanquished.

Notes
Turn   | Place    | Note
-------+----------+-------------------------------------------
     0 | D        | pasperui the Naga Transmuter began the quest for the Orb.
     0 | D        | Reached XP level 1. HP: 18/18 MP: 3/3
    48 | D        | Found a glowing golden altar of the Shining One.
    48 | D        | Found a glowing silver altar of Zin.
    48 | D        | Found a basalt altar of Yredelemnul.
    48 | D        | Found a shimmering altar of Xom.
    48 | D        | Found an ornate altar of the Wu Jian Council.
    48 | D        | Found a bloodstained altar of Trog.
    48 | D        | Found a shimmering blue altar of Sif Muna.
    48 | D        | Found a sacrificial altar of Ru.
    48 | D        | Found a stormy altar of Qazlal.
    48 | D        | Found an iron altar of Okawaru.
    48 | D        | Found a sparkling altar of Nemelex Xobeh.
    48 | D        | Found a burning altar of Makhleb.
    48 | D        | Found a viscous altar of Jiyva.
    48 | D        | Found a hazy altar of Hepliaklqana.
    48 | D        | Found an opulent altar of Gozag.
    48 | D        | Found a blossoming altar of Fedhas.
    48 | D        | Found a white marble altar of Elyvilon.
    48 | D        | Found a shadowy altar of Dithmenos.
    48 | D        | Found a snail-covered altar of Cheibriados.
    50 | D        | Found a corrupted altar of Lugonu.
    50 | D        | Found a radiant altar of Vehumet.
    50 | D        | Found a roughly hewn altar of Beogh.
    51 | D        | Found an ancient bone altar of Kikubaaqudgha.
    51 | D        | Found a hide-covered altar of Uskayaw.
    51 | D        | Found a shattered altar of Ashenzari.
    58 | D        | Became a worshipper of Cheibriados the Contemplative
    84 | D        | Reached * piety under Cheibriados
   177 | D        | Reached ** piety under Cheibriados
   201 | D        | Noticed an iron imp
   212 | D        | Killed an iron imp
   212 | D        | Reached skill level 5 in Transmutations
   212 | D        | Reached XP level 2. HP: 5/25 MP: 6/6
   212 | D        | Reached XP level 3. HP: 6/31 MP: 7/7
   214 | D        | Reached *** piety under Cheibriados
   557 | D        | Reached **** piety under Cheibriados
   564 | D        | Noticed Prince Ribbit
   564 | D        | Noticed a centaur
   564 | D        | Noticed a phantom
   576 | D        | Killed a centaur
   576 | D        | Reached ***** piety under Cheibriados
   576 | D        | Reached skill level 7 in Invocations
   576 | D        | Reached XP level 4. HP: 11/40 MP: 6/9
   576 | D        | Reached XP level 5. HP: 14/48 MP: 6/10
   577 | D        | Killed Prince Ribbit
   577 | D        | Reached skill level 11 in Invocations
   577 | D        | Reached XP level 6. HP: 16/55 MP: 6/14
   584 | D        | Killed a phantom
   812 | D        | Learned a level 5 spell: Blade Hands
   819 | D        | Reached XP level 7. HP: 56/61 MP: 13/15
   822 | D        | Noticed a polar bear
   831 | D        | Slain by a polar bear

Levels and vault maps discovered:
D:        pitsprint [storerooms_1, entrance_room_1, metal_vault_1, armoury_1,
          mini_pit_1, grid_room_1, main_hall_1, silver_pit, the_coven_3,
          the_vestibule_1, steel_vault_5, golden_pit, hallway_of_sentries,
          crystal_vault_4, iron_vault_3, final_vault]

Skill      XL: |  1  2  3  4  5  6 |
---------------+-------------------+-----
Spellcasting   | 3 4 |  4.7
Transmutations | 5 6 |  6.0
Fighting       | 2 |  2.9
Invocations    | 7 11 | 11.8
Unarmed Combat | 6 |  6.1
Dodging        | |  1.5

Action                   |  1- 3 |  4- 6 |  7- 9 || total
-------------------------+-------+-------+-------++-------
Melee: Unarmed           |    45 |    10 |     9 ||    64
       Headbutt          |     8 |     2 |     5 ||    15
       Punch             |     1 |       |       ||     1
 Cast: Beastly Appendage |     8 |     2 |     1 ||    11
Invok: Slouch            |       |     1 |       ||     1
 Abil: Spit Poison       |     6 |     1 |       ||     7
Armor: Robe              |     1 |       |       ||     1
       Ring mail         |     4 |     3 |     6 ||    13
Dodge: Dodged            |    25 |     2 |     9 ||    36

Table legend:
 A = Non-vault XP
 B = Vault XP
 C = Vault XP percentage of total XP
 D = Non-vault monster count
 E = Vault monster count
 F = Vault count percentage of total count
                 A         B        C        D         E       F
            +---------+---------+-------+---------+---------+-------
      Total |       0 |     692 | 100.0 |       0 |      16 | 100.0
            +---------+---------+-------+---------+---------+-------
          D |       0 |     692 | 100.0 |       0 |      16 | 100.0
            +---------+---------+-------+---------+---------+-------
